cohdb
Replays
Latest Replays
All Replays
Popular Replays
Top Player Replays
Match Explorer
How It Works
Community
CoH3 Stats
Reddit
Sign in to upload your games and track your stats! →
Sign in with Steam
Match 47385302
Unlisted
Match 47385302
Overview
Messages
Build Orders
End
Construct Barracks
Selects Advanced Infantry Battlegroup
1⁄4-ton 4x4 Truck
M1 Mortar Team
Engineer Squad
Riflemen Squad
Selects Convert to Ranger Squad
Riflemen Squad
Grenade Package
.30 cal Machine Gun
Mechanized Support Center
Convert to Ranger Squad
Selects Frontline Medical Station
Frontline Medical Station
Construct Motor Pool
M8 Greyhound Armored Car
Designate Forward Repair Station
Improvised Armor
M1918 Browning Automatic Rifles
Convert to Ranger Squad
Ranger Squad
.30 cal Machine Gun
Construct Tank Depot
Selects Ammunition Storage
Selects M2A1 105mm Howitzer Emplacement
Selects 155mm Rapid Artillery Barrage
Selects Infantry Assault
Freeze
KoMoDЫ4
_Nemez_
Hauptmann GLIST
gicobiwolfe
-_Alexxitan_-
Mellow Elf
Potato Elf
0
0
Comments
sign in to comment!
No comments posted yet!